 Dungeon Crawl Stone Soup version 0.27-a0-1202-ge72e49191c (webtiles) character file.

Game seed: 9591280394837181590

74 Ijustatesigmund the Chopper (level 4, 33/35 HPs)
             Began as a Demonspawn Fighter on June 2, 2021.
             Quit the game on level 3 of the Dungeon.
             The game lasted 00:02:58 (2230 turns).

Ijustatesigmund the Chopper (Demonspawn Fighter)    Turns: 2230, Time: 00:02:59

Health: 33/35      AC:  6    Str: 17    XL:     4   Next: 9%
Magic:  4/4        EV:  6    Int:  9    God:
Gold:   612        SH:  9    Dex: 13    Spells: 3/3 levels left

rFire    . . .     SeeInvis .   a - +0 war axe
rCold    . . .     Faith    .   c - +1 kite shield
rNeg     . . .     Spirit   .   b - +0 scale mail
rPois    .         Reflect  .   (helmet restricted)
rElec    .         Harm     .   (no cloak)
rCorr    .         Rampage  .   (no gloves)
Will     .....                  (no boots)
Stlth    ..........             (no amulet)
HPRegen  0.11/turn              (no ring)
MPRegen  0.09/turn              (no ring)

@: no status effects
A: antennae 1, powered by pain 1
a: no special abilities


You were on level 3 of the Dungeon.
You visited 1 branch of the dungeon, and saw 3 of its levels.

You collected 612 gold pieces.

Inventory:

Hand Weapons
 a - a +0 war axe (weapon)
 i - a +0 demon whip
Missiles
 h - 15 poisoned darts (quivered)
Armour
 b - a +0 scale mail (worn)
 c - a +1 kite shield (worn)
 e - a +0 helmet
Jewellery
 f - a +6 ring of strength
Potions
 d - a potion of might
 g - a potion of degeneration {unknown}
 j - a potion of berserk rage
 k - a potion of attraction {unknown}


   Skills:
 - Level 3.4 Fighting
 + Level 3.6 Axes
 - Level 2.6 Armour
 - Level 2.6 Shields


You had 3 spell levels left.
You didn't know any spells.
Your spell library contained the following spells:

 Spells                   Type           Power      Damage    Failure   Level
 Beastly Appendage        Tmut           0%         N/A       100%        1
 Wereblood                Tmut           0%         N/A       100%        2
 Spider Form              Tmut/Pois      0%         N/A       100%        3
 Ice Form                 Ice/Tmut       0%         N/A       100%        4
 Hydra Form               Tmut           0%         N/A       100%        5


Dungeon Overview and Level Annotations

Branches:
Dungeon (3/15)

Altars:


Innate Abilities, Weirdness & Mutations

You have a pair of small antennae on your head.
You sometimes gain a little power by taking damage.


Message History

No target in view!
Found a stone staircase leading up.
You see here a frilled lizard corpse.
You see here a +0 demon whip.
i - a +0 demon whip An adder comes into view.
The adder hisses angrily.
The adder completely misses you. The adder barely misses you.
You slash the adder!
The adder is severely wounded.
You block the adder's attack. x2
You slash the adder!
You kill the adder!
You have reached level 4!
You feel stronger.
Your demonic ancestry asserts itself...
A pair of antennae grows on your head!
Your +0 helmet falls away!
A ball python comes into view.
You block the ball python's attack. The ball python grabs you.
The ball python constricts you.
Found a flail and 18 stones.
Your shield prevents you from hitting the ball python.
The ball python bites you but does no damage.
The ball python constricts you.
The ball python bites you but does no damage.
The ball python constricts you.
You hit the ball python.
You kill the ball python!
No target in view!
No target in view!
No target in view!
No target in view!
No target in view!
No target in view!
No target in view!
No target in view!
No target in view!
No target in view!
No target in view!
Are you sure you want to abandon this character and quit the game? (Confirm with "yes".)

#.....# #####..##
+......# ## ######.#
.(. ######.# ....
#......# .....
#......#
).....####......#
.......@........######
.....................#
.............##......#
###..........##......#
#############......+
#......# #......#
########


There were no monsters in sight!

Vanquished Creatures
  An adder (D:3)
  2 worms
  3 dart slugs (D:1)
  3 ball pythons
  5 endoplasms
  2 giant cockroaches (D:1)
  5 goblins
  2 hobgoblins
  12 kobolds
  A quokka (D:1)
  3 bats (D:2)
  8 frilled lizards
  6 rats
53 creatures vanquished.

Notes
Turn   | Place    | Note
-------+----------+-------------------------------------------
     0 | D:1      | Ijustatesigmund the Demonspawn Fighter began the quest for
                  | the Orb.
     0 | D:1      | Reached XP level 1. HP: 18/18 MP: 1/1
   317 | D:1      | Found a faded altar of an unknown god.
   499 | D:1      | Gained mutation: You sometimes gain a little power by
                  | taking damage. [demonic ancestry]
   499 | D:1      | Reached XP level 2. HP: 24/24 MP: 2/2
   755 | D:1      | Reached XP level 3. HP: 27/29 MP: 3/3
  1967 | D:2      | Identified a scroll of acquirement
  1967 | D:2      | Acquired 569 gold pieces
  2216 | D:3      | Gained mutation: You have a pair of small antennae on your
                  | head. [demonic ancestry]
  2216 | D:3      | Reached XP level 4. HP: 35/35 MP: 4/4
  2230 | D:3      | Quit the game

Illustrated notes

Levels and vault maps discovered:
D:1:      dpeg_arrival_snail, layout_loops_ring, basic_ecumenical_altar,
          nrook_uturn, moated_statue
D:2:      minmay_kobold_bridge, layout_basic
D:3:      layout_basic, nicolae_vehumet_radiance

Skill      XL: |  1  2  3 |
---------------+----------+-----
Axes           | 2 3 |  3.6
Fighting       | |  3.4
Armour         | |  2.6
Shields        | |  2.6

Action                   |  1- 3 |  4- 6 || total
-------------------------+-------+-------++-------
Melee: War axe           |   110 |     2 ||   112
  Use: Scroll            |     7 |       ||     7
Armor: Scale mail        |    46 |     2 ||    48
Dodge: Dodged            |    28 |       ||    28
Block: Kite shield       |    61 |     1 ||    62

Table legend: (Time is in decaauts)
 A = Elapsed time spent in this place.
 B = Non-inter-level travel time spent in this place.
 C = Inter-level travel time spent in this place.
 D = Time resting spent in this place.
 E = Time spent auto-exploring this place.
 F = Levels seen in this place.
 G = Mean time per level.
                   A        B        C        D        E       F      G
               +--------+--------+--------+--------+--------+-----+--------+
         Total |   2297 |   2204 |     93 |     28 |   1833 |   3 |  765.7 |
       Dungeon |   2297 |   2204 |     93 |     28 |   1833 |   3 |  765.7 |
               +--------+--------+--------+--------+--------+-----+--------+

Top non-repeatable levels by time:
     D:1: 1107 daAuts
     D:2: 1074 daAuts
     D:3: 115 daAuts
